 Dungeon Crawl Stone Soup version 0.21.0-22-g11d5b52 (webtiles) character file.

20916 Monsterracer the Cleaver (level 13, -7/103 HPs)
             Began as a Formicid Fighter on Jan 18, 2018.
             Was the Champion of Uskayaw.
             Mangled by a yak (8 damage)
             ... on level 3 of the Lair of Beasts.
             The game lasted 00:25:08 (17491 turns).

Monsterracer the Cleaver (Formicid Fighter)        Turns: 17491, Time: 00:25:09

Health: -7/103     AC: 19    Str: 30    XL:     13   Next: 15%
Magic:  20/20      EV:  8    Int:  9    God:    Uskayaw [******]
Gold:   916        SH: 12    Dex: 10    Spells: 12/12 levels left

rFire    + . .     SeeInvis +   a - +1 battleaxe (freeze)
rCold    . . .     Gourm    .   f - +0 shield
rNeg     . . .     Faith    .   p - +0 plate armour
rPois    .         Spirit   .   (helmet unavailable)
rElec    .         Reflect  .   r - +0 cloak
rCorr    .         Harm     .   (no gloves)
MR       +....                  l - +2 pair of boots
Stlth    ..........             q - amulet of magic regeneration
HPRegen  0.27/turn              s - ring of protection from fire {!d}
MPRegen  0.42/turn              (no ring)

@: mighty
A: permanent stasis, dig shafts and tunnels, four strong arms, antennae 3
a: Dig, Shaft Self, Stomp, Line Pass, Grand Finale, Renounce Religion


You were on level 3 of the Lair of Beasts.
You worshipped Uskayaw.
Uskayaw was aware of your devotion.
You were not hungry.

You visited 3 branches of the dungeon, and saw 14 of its levels.

You collected 916 gold pieces.

Inventory:

Hand Weapons
 a - a +1 battleaxe of freezing (weapon)
 b - a +0 whip of freezing
Armour
 f - a +0 shield (worn)
 l - a +2 pair of boots (worn)
 p - a +0 plate armour (worn)
 r - a +0 cloak (worn)
Jewellery
 q - an amulet of magic regeneration (around neck)
 s - a ring of protection from fire (left hand) {!d}
Wands
 m - a wand of acid (9)
 u - a wand of digging (6)
 y - a wand of scattershot (4)
 C - a wand of disintegration (25)
Scrolls
 n - 8 scrolls of remove curse
 A - 5 scrolls of identify
 B - a scroll of fog
Potions
 d - a potion of might
 e - 3 potions of flight
 g - a potion of resistance
 h - a potion of agility
 i - 6 potions of brilliance
 j - 2 potions of invisibility
 k - 2 potions of lignification
 t - a potion of curing
 v - 2 potions of magic
 w - a potion of cancellation
 x - 2 potions of haste
 z - a potion of mutation {!q}
Comestibles
 c - 20 rations
 D - a chunk of flesh


   Skills:
 + Level 10.2 Fighting
 * Level 13.1 Axes
 + Level 10.2 Armour
 - Level 0.1 Dodging
 - Level 9.0 Shields
 + Level 9.9 Invocations


You had 12 spell levels left.
You didn't know any spells.

Dungeon Overview and Level Annotations

Branches:
Dungeon (10/15)            Temple (1/1) D:4            Lair (3/6) D:10
 Spider (0/4) Lair:2          Orc (0/2) D:9
  Swamp: Lair:2-4    Shoals: Lair:2-4

Altars:
Ashenzari
Cheibriados
Dithmenos
Elyvilon
Fedhas
Gozag
Hepliaklqana
Kikubaaqudgha
Makhleb
Nemelex Xobeh
Okawaru
Qazlal
Ru
Sif Muna
Trog
Uskayaw
Vehumet
Wu Jian
Xom
Yredelemnul
Zin
The Shining One

Annotations:
D:5 exclusion: 2 doors


Innate Abilities, Weirdness & Mutations

You cannot be hasted, slowed, berserked, paralysed or teleported.
You can dig through walls and to a lower floor.
Your four strong arms can wield two-handed weapons with a shield.
You have a pair of large antennae on your head. (SInv)


Message History

* * * LOW HITPOINT WARNING * * *
The blink frog blinks!
You can now merge with and destroy a victim.
You take 6 damage, and have 36/103 hp.
You slash the blink frog! You freeze the blink frog.
You kill the blink frog!
Your Axes skill increases to level 13!
A blink frog comes into view.
Eat one of 2 chunks of flesh? (ye/n/q)
You eat one of the 2 chunks of flesh.
This raw flesh tastes terrible.
You hear the brisk ticking of a very distant clock.
The blink frog gives a loud, deep croak!
You hear a croak.
You slash the blink frog!
The blink frog seems to slow down.
You freeze the blink frog.
The blink frog is heavily wounded.
The blink frog closely misses you.
You closely miss the blink frog.
The blink frog is heavily wounded.
The blink frog hits you but does no damage.
You slash the blink frog! You freeze the blink frog.
The blink frog is severely wounded.
The blink frog hits you.
* * * LOW HITPOINT WARNING * * *
You take 6 damage, and have 32/103 hp.
You closely miss the blink frog. You slice the blink frog!!
The blink frog seems to slow down.
You freeze the blink frog.
You kill the blink frog!
The blink frog blinks! x2; The blink frog hits you.
* * * LOW HITPOINT WARNING * * *
A blink frog comes into view.
You take 4 damage, and have 28/103 hp.
You miss the blink frog.
The blink frog gives a loud, deep croak!
The blink frog hits you but does no damage.
Unknown command.
You slice the blink frog!! You freeze the blink frog.
The blink frog is severely wounded.
The blink frog hits you!
* * * LOW HITPOINT WARNING * * *
The blink frog hits you but does no damage.
A crocodile comes into view.
You take 10 damage, and have 18/103 hp.
You slash the blink frog! You freeze the blink frog.
You kill the blink frog!
The blink frog blinks!
A hippogriff comes into view.
The hippogriff screeches!
The blink frog blinks!
You closely miss the blink frog. The blink frog hits you!
* * * LOW HITPOINT WARNING * * *
You take 9 damage, and have 9/103 hp.
You barely miss the blink frog. You block the blink frog's attack.
The blink frog hits you but does no damage.
You feel much better.
The blink frog blinks!
The blink frog hits you but does no damage.
You regained 26 hp, and now have 35/103 hp.
You miss the blink frog. You block the blink frog's attack.
You barely miss the blink frog. The blink frog hits you!
* * * LOW HITPOINT WARNING * * *
The blink frog blinks!
A yak comes into view.
You take 9 damage, and have 26/103 hp.
The yak bellows!
You slice the hippogriff!! You freeze the hippogriff.
The hippogriff is severely wounded.
You hear a bellow!
You block the hippogriff's attack.
The hippogriff pecks you but does no damage.
You block the hippogriff's attack.
A yak comes into view.
You slash the crocodile! You freeze the crocodile.
The crocodile is severely wounded.
You barely miss the hippogriff. The crocodile bites you!
* * * LOW HITPOINT WARNING * * *
The hippogriff closely misses you.
The hippogriff pecks you but does no damage.
The hippogriff claws you but does no damage.
You take 12 damage, and have 14/103 hp.
You slice the crocodile!! You freeze the crocodile.
You kill the crocodile!
You slash the hippogriff! You freeze the hippogriff.
You kill the hippogriff!
The blink frog hits you but does no damage.
You slice the blink frog!! You freeze the blink frog!
You kill the blink frog!
You miss the blink frog. You slash the plant! You freeze the plant.
The blink frog hits you!
* * * LOW HITPOINT WARNING * * *
You take 7 damage, and have 8/103 hp.
You closely miss the blink frog. You hit the plant but do no damage.
The blink frog blinks!
A yak comes into view.
The yak bellows!
You hear a bellow!
You hear a shout!
A yak comes into view.
You barely miss the yak. You slice the plant!! You freeze the plant.
The yak gores you!
* * * LOW HITPOINT WARNING * * *
The yak gores you!
You die...

#......... .. #.........
#. ##F....... ##.##
#........ ###...#
##§....##. ##..#..#
#..{...# # ##..#..P#####
#.....##
.......P.##.###......#
P......@Y.†††.........#
P.......Y#.#†....t...##
......F#...†.#.........
#.......................
.......#.....P......#+.P
............Y#.....#...>
.......#......[.......
.......#..#..Y.....P. ..
... .......


You could see 4 yaks and a blink frog.

Vanquished Creatures
  A hydra (Lair:1)
  A two-headed ogre (D:9)
  A queen ant (Lair:2)
  Maurice (D:8)
  Joseph (D:8)
  2 black mambas (Lair:1)
  A spiny frog (Lair:3)
  The ghost of Monsterracer the Chopper, a novice FoFi (D:5)
  3 komodo dragons
  A troll (D:9)
  19 blink frogs
  Prince Ribbit (D:7)
  A hippogriff (Lair:3)
  2 redbacks (Lair:2)
  7 yaks
  Sigmund (D:3)
  A basilisk (Lair:2)
  Eustachio (D:4)
  A wyvern (Lair:3)
  Grum (D:8)
  A hungry ghost (D:7)
  15 soldier ants (Lair:2)
  6 water moccasins
  4 porcupines
  A black bear (D:10)
  Duvessa (D:4)
  3 orc warriors
  6 ogres
  3 phantoms
  3 sky beasts
  20 wolves
  A necrophage (D:9)
  8 centaurs
  5 crocodiles
  A big kobold (D:10)
  12 bullfrogs
  Dowan (D:4)
  A wyvern zombie (D:8)
  A wyvern skeleton (D:5)
  3 scorpions
  3 killer bees (D:9)
  3 wights (D:7)
  4 howler monkeys (D:7)
  5 crimson imps
  A bullfrog zombie (D:6)
  A jelly (D:9)
  3 hounds
  7 orc priests
  Crazy Yiuf (D:7)
  Jessica (D:2)
  Ijyb (D:4)
  9 orc wizards
  28 worker ants
  2 hound skeletons (D:6)
  A howler monkey zombie (D:6)
  A worker ant zombie (D:5)
  Robin (D:2)
  6 adders
  6 gnolls
  An ooze (D:2)
  A worm (D:4)
  2 dart slugs (D:1)
  3 leopard geckos
  37 orcs
  11 bats
  15 giant cockroaches
  18 goblins
  11 hobgoblins
  14 jackals
  16 kobolds
  4 quokkas
  4 ball pythons
  6 frilled lizards
  A leopard gecko zombie (D:6)
  A quokka skeleton (D:4)
  9 rats
  A bush (Lair:3)
  2 fungi (D:10)
  2 plants
387 creatures vanquished.

Vanquished Creatures (others)
  An orc wizard (D:7)
  A bush (Lair:2)
  16 fungi
  9 plants
27 creatures vanquished.

Grand Total: 414 creatures vanquished

Notes
Turn   | Place    | Note
-------+----------+-------------------------------------------
     0 | D:1      | Monsterracer the Formicid Fighter began the quest for the Orb.
     0 | D:1      | Reached XP level 1. HP: 18/18 MP: 1/1
    74 | D:1      | You fall through a shaft!
    88 | D:2      | Reached XP level 2. HP: 14/24 MP: 2/2
    90 | D:2      | Reached skill level 3 in Axes
    90 | D:2      | HP: 12/24 [poisoned by an adder]
    91 | D:2      | HP: 5/24 [quokka (3)]
    99 | D:2      | HP: 3/24 [poisoned by an adder]
   461 | D:2      | Reached XP level 3. HP: 29/29 MP: 3/3
   468 | D:2      | Noticed Jessica
   477 | D:2      | Killed Jessica
   477 | D:2      | Reached skill level 4 in Axes
   477 | D:2      | Reached XP level 4. HP: 35/35 MP: 4/4
   500 | D:2      | HP: 8/35 [orc priest/nerve-wracking pain (14)]
   900 | D:2      | Reached XP level 5. HP: 41/41 MP: 5/5
  1352 | D:1      | Reached skill level 5 in Axes
  1985 | D:2      | Noticed Robin
  1993 | D:2      | Killed Robin
  2466 | D:3      | Noticed Sigmund
  2752 | D:3      | Reached XP level 6. HP: 45/47 MP: 6/6
  2786 | D:3      | Noticed a sky beast
  2808 | D:3      | Killed a sky beast
  3297 | D:3      | HP: 23/48 [goblin/stone (4)]
  3302 | D:3      | HP: 16/48 [poisoned by a kobold]
  3308 | D:3      | HP: 12/48 [poisoned by a kobold]
  3313 | D:3      | HP: 11/48 [poisoned by a kobold]
  3320 | D:3      | HP: 10/48 [poisoned by a kobold]
  3328 | D:3      | HP: 9/48 [poisoned by a kobold]
  3731 | D:3      | Killed Sigmund
  3731 | D:3      | Reached XP level 7. HP: 31/54 MP: 5/7
  4160 | D:4      | Reached skill level 6 in Axes
  4321 | D:4      | Found a staircase to the Ecumenical Temple.
  4322 | D:4      | Noticed Eustachio
  4333 | Temple   | Entered the Ecumenical Temple
  4566 | Temple   | Became a worshipper of Uskayaw the Reveler
  4593 | D:4      | Reached * piety under Uskayaw
  4614 | D:4      | Reached ** piety under Uskayaw
  4615 | D:4      | Killed Eustachio
  4615 | D:4      | Reached skill level 5 in Shields
  4778 | D:4      | Found a sparkling altar of Nemelex Xobeh.
  4845 | D:4      | Noticed Ijyb
  4855 | D:4      | Reached XP level 8. HP: 61/61 MP: 8/8
  4858 | D:4      | Killed Ijyb
  4959 | D:4      | Noticed Duvessa
  4959 | D:4      | Noticed Dowan
  4993 | D:4      | Killed Duvessa
  4993 | D:4      | Reached skill level 1 in Invocations
  5010 | D:4      | Killed Dowan
  5407 | D:5      | Entered Level 5 of the Dungeon
  5429 | D:5      | Noticed Monsterracer's ghost (novice FoFi)
  5432 | D:5      | Reached skill level 5 in Fighting
  5432 | D:5      | Reached skill level 7 in Axes
  5432 | D:5      | Reached skill level 5 in Armour
  5944 | D:5      | Reached *** piety under Uskayaw
  6039 | D:5      | Reached **** piety under Uskayaw
  6211 | D:5      | HP: 29/62 [electric eel/bolt of electricity (8)]
  6213 | D:5      | HP: 12/62 [electric eel/bolt of electricity (10)]
  6213 | D:5      | HP: 3/62 [electric eel/bolt of electricity (9)]
  6903 | D:5      | Reached XP level 9. HP: 60/68 MP: 11/11
  6975 | D:5      | Killed Monsterracer's ghost
  6975 | D:5      | Reached skill level 8 in Axes
  7748 | D:6      | Found a hazy altar of Hepliaklqana.
  7851 | D:6      | Got a bloodstained short sword
  7916 | D:6      | Found an ornate altar of the Wu Jian Council.
  8171 | D:6      | Found a white marble altar of Elyvilon.
  8686 | D:6      | Found a stormy altar of Qazlal.
  8808 | D:7      | Reached XP level 10. HP: 66/77 MP: 13/13
  8935 | D:7      | Noticed Prince Ribbit
  8944 | D:7      | Killed Prince Ribbit
  8944 | D:7      | Reached skill level 9 in Axes
  8944 | D:7      | Reached skill level 5 in Invocations
  9481 | D:7      | Found a runed door.
  9803 | D:7      | Noticed Crazy Yiuf
  9807 | D:7      | Killed Crazy Yiuf
  9877 | D:8      | Found a basalt altar of Yredelemnul.
  9882 | D:8      | Noticed Joseph
  9888 | D:8      | HP: 38/79 [disintegration (18)]
 10087 | D:8      | Noticed Maurice
 10110 | D:8      | HP: 38/79 [disintegration (20)]
 10294 | D:8      | Killed Maurice
 10308 | D:8      | HP: 36/79 [Joseph/uncursed quarterstaff of distortion (4)]
 10310 | D:8      | Killed Joseph
 10598 | D:8      | Noticed Grum
 10617 | D:7      | HP: 35/79 [wolf[Grum] (6)]
 10853 | D:8      | Killed Grum
 10853 | D:8      | Reached skill level 10 in Axes
 11183 | D:8      | Found a radiant altar of Vehumet.
 11323 | D:9      | Found a staircase to the Orcish Mines.
 11567 | D:9      | HP: 34/79 [killer bee (6)]
 11571 | D:9      | Reached XP level 11. HP: 30/84 MP: 12/15
 11574 | D:9      | HP: 29/84 [poisoned by a killer bee]
 11582 | D:9      | HP: 29/84 [poisoned by a killer bee]
 11838 | D:9      | Found an iron altar of Okawaru.
 11932 | D:9      | Noticed a two-headed ogre
 11939 | D:9      | Killed a two-headed ogre
 12793 | D:10     | Entered Level 10 of the Dungeon
 12881 | D:10     | Reached ***** piety under Uskayaw
 12956 | D:10     | Found a staircase to the Lair.
 13029 | Lair:1   | Entered Level 1 of the Lair of Beasts
 13068 | Lair:1   | Noticed a seven-headed hydra
 13084 | Lair:1   | HP: 38/86 [seven-headed hydra (6)]
 13085 | Lair:1   | Killed a seven-headed hydra
 13085 | Lair:1   | Reached skill level 11 in Axes
 13761 | Lair:1   | HP: 31/87 [komodo dragon (16)]
 14011 | Lair:1   | HP: 41/87 [poisoned by a black mamba]
 14014 | Lair:1   | HP: 19/87 [poisoned by a black mamba]
 14019 | Lair:1   | HP: 21/87 [wolf (7)]
 14023 | Lair:1   | Identified Zatramed's Tome of the Arsonist
 14427 | Lair:1   | Reached XP level 12. HP: 62/94 MP: 18/18
 14438 | Lair:1   | HP: 46/94 [blink frog (7)]
 14446 | Lair:1   | HP: 38/94 [blink frog (10)]
 14453 | Lair:1   | HP: 34/94 [blink frog (6)]
 15514 | Lair:2   | HP: 41/95 [redback (9)]
 15517 | Lair:2   | Found a hole to the Spider Nest.
 15519 | Lair:2   | HP: 28/95 [poisoned by a redback]
 15524 | Lair:2   | HP: 20/95 [poisoned by a redback]
 15529 | Lair:2   | HP: 14/95 [poisoned by a redback]
 15535 | Lair:2   | HP: 10/95 [poisoned by a redback]
 15540 | Lair:2   | HP: 7/95 [poisoned by a redback]
 15546 | Lair:2   | HP: 5/95 [poisoned by a redback]
 15552 | Lair:2   | HP: 5/95 [poisoned by a redback]
 15560 | Lair:2   | HP: 5/95 [poisoned by a redback]
 15810 | Lair:2   | Reached skill level 12 in Axes
 15946 | Lair:2   | HP: 38/95 [blink frog (12)]
 15955 | Lair:2   | HP: 32/95 [blink frog (1)]
 16479 | Lair:2   | Noticed a queen ant
 16523 | Lair:2   | Killed a queen ant
 17397 | Lair:3   | Reached XP level 13. HP: 55/103 MP: 20/20
 17410 | Lair:3   | HP: 49/103 [wolf (5)]
 17414 | Lair:3   | Reached skill level 10 in Fighting
 17414 | Lair:3   | Reached skill level 10 in Armour
 17453 | Lair:3   | HP: 48/103 [wyvern (8)]
 17459 | Lair:3   | HP: 40/103 [blink frog (3)]
 17466 | Lair:3   | HP: 36/103 [blink frog (6)]
 17467 | Lair:3   | Reached skill level 13 in Axes
 17471 | Lair:3   | HP: 32/103 [blink frog (6)]
 17472 | Lair:3   | Reached ****** piety under Uskayaw
 17477 | Lair:3   | HP: 9/103 [blink frog (10)]
 17483 | Lair:3   | HP: 14/103 [crocodile (12)]
 17488 | Lair:3   | HP: 8/103 [blink frog (8)]
 17491 | Lair:3   | HP: 1/103 [yak (7)]
 17491 | Lair:3   | Mangled by a yak

Skill      XL: |  1  2  3  4  5  6  7  8  9 10 11 12 13 |
---------------+----------------------------------------+-----
Axes           | 3 4 5 6 7 8 10 11 12 13 | 13.1
Shields        | 4 5 6 7 8 9 |  9.0
Fighting       | 4 5 6 7 8 9 10 | 10.2
Armour         | 4 5 6 7 8 9 10 | 10.2
Invocations    | 3 4 6 8 9 |  9.9
Dodging        | |  0.1

Action                   |  1- 3 |  4- 6 |  7- 9 | 10-12 | 13-15 || total
-------------------------+-------+-------+-------+-------+-------++-------
Melee: War axe           |    39 |   288 |   333 |       |       ||   660
       Flail             |       |       |    24 |       |       ||    24
       Battleaxe         |       |       |       |   653 |    42 ||   695
       Whip              |       |       |       |    13 |       ||    13
Invok: Stomp             |       |       |     1 |    18 |       ||    19
       Line Pass         |       |       |       |     1 |       ||     1
       Grand Finale      |       |       |       |     1 |       ||     1
Evoke: Wand              |       |       |       |     3 |       ||     3
  Use: Scroll            |       |       |    18 |     9 |       ||    27
       Potion            |       |       |       |     1 |     2 ||     3
 Stab: Paralysed         |       |       |    10 |    42 |     6 ||    58
  Eat: Chunk             |       |     8 |    13 |    31 |     1 ||    53
       Ration            |       |       |     1 |     2 |       ||     3
Armor: Scale mail        |    26 |    42 |       |       |       ||    68
       Plate armour      |       |   130 |   192 |   358 |    24 ||   704
Dodge: Dodged            |    14 |    75 |    65 |   154 |    13 ||   321
Block: Shield            |    20 |   146 |   198 |   413 |    23 ||   800

Vault maps used:
D:1:      lightli_arrival_lavapool, moated_statue
D:2:      minmay_roachtagon, serial_forest, infiniplex_forest_straight_2,
          infiniplex_forest_lined_ring, infiniplex_forest_lined_corner,
          infiniplex_forest_lined_ring, infiniplex_forest_side_room,
          infiniplex_forest_straight_1, infiniplex_forest_clump_large,
          minmay_vboxes, uniq_robin, uniq_jessica
D:3:      uniq_sigmund
D:4:      kennysheep_mini, minmay_temple_entry_large_hall, uniq_ijyb,
          uniq_eustachio, uniq_duvessa
D:5:      cheibrodos_two_vegetables, first_ration
D:6:      marbit_many_paths, elyvilon_altar_1, lemuel_round_altar, basic_altar,
          minmay_bent
D:7:      kennysheep_generic_room_10, uniq_prince_ribbit1,
          uniq_crazy_yiuf_cottage
D:8:      grunt_temple_overflow_open, uniq_grum, uniq_maurice, uniq_joseph
D:9:      lemuel_round_altar, david_orc_2, serial_bayou, serial_bayou_crossing,
          serial_bayou_pond_a, serial_bayou_ford_a, serial_bayou_pond_d
D:10:     dragon1_lemuel, grunt_lair_entry_orc_guard_hut, jmf_multi_god_temple2
Temple:   regret_index_temple_generic_petals
Lair:2:   spider_nest_entry_webs, portal_ice_cave_entry_pillars_2, zaba_anthell
Lair:3:   lab_entry_generic, uniq_urug
